 Dungeon Crawl Stone Soup version 0.23.0-3-gf3c87f2df8 (webtiles) character file.

Game seed: 13520186532494980610

4584 Chiseanne the Covert (level 10, 0/61 HPs)
             Began as an Octopode Warper on Feb 21, 2019.
             Was an Initiate of Gozag.
             Slain by a troll (14 damage)
             ... on level 9 of the Dungeon.
             The game lasted 00:20:17 (9887 turns).

Chiseanne the Covert (Octopode Warper)              Turns: 9887, Time: 00:20:18

Health: 0/61       AC:  1    Str: 18    XL:     10   Next: 41%
Magic:  17/19      EV: 14    Int: 15    God:    Gozag
Gold:   675        SH:  6    Dex: 14    Spells: 17/21 levels left

rFire    . . .     SeeInvis .   a - +3 short sword (venom)
rCold    . . .     Gourm    .   l - +0 buckler
rNeg     + . .     Faith    .   (helmet restricted)
rPois    .         Spirit   .   (no amulet)
rElec    .         Reflect  .   i - +6 ring of strength
rCorr    .         Harm     .   B - ring of positive energy (curse)
MR       .....                  (no ring)
Stlth    ++++++....             (no ring)
HPRegen  0.20/turn              (no ring)
MPRegen  0.16/turn              (no ring)
                                (no ring)
                                (no ring)

@: no status effects
A: almost no armour, stealthy swim, amphibious, 8 rings, constrict 8, camouflage
1, gelatinous body 1
a: Potion Petition, Call Merchant, Bribe Branch, Renounce Religion


You were on level 9 of the Dungeon.
You worshipped Gozag.
Gozag was pleased with you.
You were not hungry.

You visited 2 branches of the dungeon, and saw 10 of its levels.

You collected 813 gold pieces.
You paid 138 gold pieces to Gozag.

Inventory:

Hand Weapons
 a - a +3 short sword of venom (weapon)
 d - a +2 whip of electrocution
 f - a +2 whip of holy wrath
 s - a +3 short sword of protection
 D - a +1 demon trident of freezing
Missiles
 e - 268 stones
 g - 6 tomahawks
 o - 43 bolts
 p - 5 tomahawks of dispersal (quivered)
 u - 99 arrows
 w - 3 javelins
 y - 22 poisoned needles
 z - 2 throwing nets
Armour
 l - a +0 buckler (worn)
Jewellery
 i - a +6 ring of strength (left tentacle)
 q - an uncursed ring of fire
 B - a cursed ring of positive energy (right tentacle)
Wands
 c - a wand of acid (8)
Scrolls
 m - 9 scrolls of remove curse
 n - 2 scrolls of teleportation
 r - 2 scrolls of amnesia
 C - a scroll of immolation
 F - a scroll of identify
Potions
 b - a potion of invisibility {unknown}
 h - 2 potions of cancellation
 j - a potion of haste {unknown}
 k - a potion of flight {unknown}
 v - 2 potions of lignification {unknown}
 x - 2 potions of brilliance {unknown}
 A - a potion of curing
 E - 2 potions of resistance
Comestibles
 t - 8 rations


   Skills:
 - Level 2.5 Fighting
 - Level 2.0 Short Blades
 - Level 1.0 Throwing
 - Level 2.8 Dodging
 - Level 12.1 Stealth
 - Level 10.0 Shields
 + Level 6.1 Spellcasting
 - Level 3.0 Translocations


You had 17 spell levels left.
You knew the following spells:

 Your Spells              Type           Power        Failure   Level  Hunger
a - Blink                 Tloc           N/A          6%          2    #......
b - Shroud of Golubria    Chrm/Tloc      #.........   12%         2    #......

Your spell library contained the following spells:

 Spells                   Type           Power        Failure   Level  Hunger
 Gell's Gravitas          Tloc           ##........   13%         3    ##.....
 Lesser Beckoning         Tloc           ##........   13%         3    ##.....
 Teleport Other           Tloc           ##......     13%         3    ##.....
 Animate Skeleton         Necr           N/A          14%         1    None
 Confusing Touch          Hex            #.....       14%         1    None
 Corona                   Hex            #......      14%         1    None
 Pain                     Necr           #...         14%         1    None
 Ensorcelled Hibernation  Hex/Ice        #.....       22%         2    #......
 Portal Projectile        Hex/Tloc       #.....       24%         3    ##.....
 Passage of Golubria      Tloc           N/A          38%         4    ####...
 Confuse                  Hex            #.......     41%         3    ##.....
 Dazzling Spray           Conj/Hex       #.....       41%         3    ##.....
 Regeneration             Chrm/Necr      #.........   41%         3    ##.....
 Spider Form              Tmut/Pois      #.........   41%         3    ##.....
 Tukima's Dance           Hex            #.......     41%         3    ##.....
 Vampiric Draining        Necr           #.........   41%         3    ##.....
 Animate Dead             Necr           N/A          82%         4    ####...
 Petrify                  Tmut/Erth      #.......     82%         4    ####...
 Metabolic Englaciation   Hex/Ice        #.........   99%         5    ######.
 Yara's Violent Unravell  Hex/Tmut       #.........   99%         5    ######.
 Dragon Form              Tmut           #.........   100%        7    #######


Dungeon Overview and Level Annotations

Branches:
Dungeon (9/15)             Temple (1/1) D:7            Lair (0/6) D:9
    Orc: D:9-12

Altars:
Ashenzari
Cheibriados
Dithmenos
Elyvilon
Fedhas
Gozag
Hepliaklqana
Kikubaaqudgha
Makhleb
Nemelex Xobeh
Okawaru
Qazlal
Ru
Sif Muna
Trog
Uskayaw
Vehumet
Wu Jian
Xom
Yredelemnul
Zin
The Shining One

Annotations:
D:3 3 runed translucent doors, Flugkiller's ghost, weakling DDFi; Sondor's ghost, amateur DsCK; Yermak's ghost, weakling GnEE
D:5 2 transporters, xedar's ghost, amateur VSEn


Innate Abilities, Weirdness & Mutations

You cannot wear most types of armour.
You are very stealthy in the water. (Stealth+)
You are amphibious.
You can wear up to eight rings at the same time.
You can use your tentacles to constrict eight enemies at once.
Your skin changes colour to match your surroundings (Stealth+).
Your rubbery body absorbs attacks. (AC +1, EV +1)


Message History

The troll claws you!
You hit the troll but do no damage.
The troll is poisoned.
You squeeze the troll.
The troll is lightly wounded.
The troll bites you!
Your shroud falls apart!
The troll claws you! The troll barely misses you.
You puncture the troll!
The troll is moderately wounded.
The troll bites you!
* * * LOW HITPOINT WARNING * * *
The troll closely misses you. x2
You hit the troll but do no damage.
The troll looks as sick as possible!
You squeeze the troll.
The troll is moderately wounded.
You block the troll's attack. The troll claws you.
* * * LOW HITPOINT WARNING * * *
The troll claws you!
You die...
Your body crumbles into a pile of gold.

###.. #... ....# #...
...# #..# #..# #..#
#..######### #..#
#..........#
#..#######..........#
####............@T.....#
.......................#
......#######..........#
####..# #.......$..#
#..# #..........# #..#
#..........#
####..#######..#########
.............<.#
...............#


You could see a troll.

Vanquished Creatures
  Pikel (D:3)
  A hornet (D:7)
  A hippogriff (D:8)
  Sigmund (D:3)
  3 steam dragons (D:7)
  A hungry ghost (D:9)
  Menkaure (D:5)
  A porcupine (D:6)
  A water moccasin (D:7)
  3 slaves
  2 orc warriors
  2 sky beasts
  A black bear (D:5)
  An ice beast (D:9)
  2 ogres
  2 centaurs
  Blork the orc (D:4)
  4 bullfrogs
  A gnoll sergeant (D:8)
  5 killer bees (D:7)
  2 scorpions
  6 howler monkeys
  A crimson imp (D:5)
  A centaur zombie (D:6)
  3 jellies
  A quasit (D:4)
  A bullfrog zombie (D:6)
  2 hounds
  2 orc priests
  A centaur skeleton (D:6)
  8 orc wizards
  A bullfrog skeleton (D:6)
  An iguana (D:9)
  2 hound skeletons
  A worker ant zombie (D:5)
  14 gnolls
  9 adders
  An adder skeleton (D:7)
  4 worms
  A dart slug (D:1)
  A leopard gecko (D:1)
  31 orcs
  5 giant cockroaches
  5 goblins
  9 hobgoblins
  3 jackals (D:1)
  2 quokkas
  A ball python (D:1)
  2 bats
  4 frilled lizards
  10 kobolds
  A leopard gecko skeleton (D:4)
  7 rats
178 creatures vanquished.

Vanquished Creatures (others)
  4 withered plants (D:3)
4 creatures vanquished.

Grand Total: 182 creatures vanquished

Notes
Turn   | Place    | Note
-------+----------+-------------------------------------------
     0 | D:1      | Chiseanne the Octopode Warper began the quest for the Orb.
     0 | D:1      | Reached XP level 1. HP: 14/14 MP: 3/3
    37 | D:1      | Reached skill level 1 in Stealth
    37 | D:1      | Reached XP level 2. HP: 7/19 MP: 5/5
   708 | D:1      | Reached XP level 3. HP: 25/25 MP: 6/6
  1185 | D:2      | Reached skill level 2 in Stealth
  1362 | D:2      | Reached skill level 1 in Shields
  1415 | D:2      | Reached XP level 4. HP: 29/30 MP: 7/7
  1836 | D:3      | Found a hazy altar of Hepliaklqana.
  2137 | D:3      | Found a runed translucent gate.
  2137 | D:3      | Found a runed translucent gate.
  2149 | D:3      | Noticed Yermak's ghost (weakling GnEE)
  2150 | D:3      | Found a runed translucent gate.
  2150 | D:3      | Noticed Sondor's ghost (amateur DsCK)
  2150 | D:3      | Noticed Flugkiller's ghost (weakling DDFi)
  2194 | D:3      | Learned a level 2 spell: Blink
  2197 | D:3      | Learned a level 2 spell: Shroud of Golubria
  2389 | D:3      | Noticed Sigmund
  2397 | D:3      | Killed Sigmund
  2397 | D:3      | Reached XP level 5. HP: 35/35 MP: 5/8
  2397 | D:3      | Reached XP level 6. HP: 41/41 MP: 5/9
  2837 | D:4      | Noticed a slave
  2838 | D:4      | Noticed Pikel
  2843 | D:4      | Noticed a slave
  2848 | D:4      | Noticed a slave
  2849 | D:4      | Killed a slave
  2849 | D:4      | Noticed a slave
  2860 | D:3      | Killed a slave
  3141 | D:4      | Reached skill level 5 in Shields
  3357 | D:4      | Noticed Blork the orc
  3374 | D:4      | Killed Blork the orc
  3715 | D:4      | Noticed Grinder
  3720 | D:4      | Noticed Grinder
  3720 | D:4      | Grinder changed into Grinder the quasit
  3723 | D:4      | Killed Grinder the quasit
  3774 | D:4      | Killed a slave
  4017 | D:3      | Killed Pikel
  4017 | D:3      | Reached XP level 7. HP: 23/45 MP: 7/10
  4017 | D:3      | Reached XP level 8. HP: 26/51 MP: 7/11
  4198 | D:5      | Entered Level 5 of the Dungeon
  4256 | D:5      | Found a transporter.
  4259 | D:5      | Noticed xedar's ghost (amateur VSEn)
  4260 | D:5      | Found a transporter.
  4485 | D:5      | Noticed Menkaure
  4495 | D:5      | Killed Menkaure
  4994 | D:5      | Reached skill level 10 in Shields
  5195 | D:6      | Reached skill level 3 in Stealth
  5413 | D:6      | Reached skill level 4 in Stealth
  5544 | D:6      | Found a radiant altar of Vehumet.
  5544 | D:6      | Found an iron altar of Okawaru.
  5545 | D:6      | Found a snail-covered altar of Cheibriados.
  5592 | D:6      | Reached skill level 5 in Stealth
  5592 | D:6      | Reached XP level 9. HP: 38/55 MP: 5/12
  5674 | D:6      | Reached skill level 6 in Stealth
  5698 | D:6      | Reached skill level 7 in Stealth
  5858 | D:6      | Found a glowing silver altar of Zin.
  5858 | D:6      | Found a burning altar of Makhleb.
  5859 | D:6      | Noticed a cacodemon
  5859 | D:6      | Noticed an angel
  6067 | D:7      | Reached skill level 8 in Stealth
  6371 | D:7      | Reached skill level 9 in Stealth
  6391 | D:7      | Noticed a hornet
  6432 | D:7      | Reached skill level 10 in Stealth
  6484 | D:7      | Killed a hornet
  6907 | D:7      | Reached skill level 11 in Stealth
  6959 | D:7      | Found a staircase to the Ecumenical Temple.
  6971 | Temple   | Entered the Ecumenical Temple
  7275 | Temple   | Became a worshipper of Gozag Ym Sagoz the Greedy
  7608 | D:8      | Reached skill level 12 in Stealth
  7689 | D:8      | Reached XP level 10. HP: 25/61 MP: 9/14
  8608 | D:8      | Reached skill level 5 in Spellcasting
  8930 | D:8      | Identified the Catalogue of Twisted Transformation
  9385 | D:9      | Found a staircase to the Lair.
  9425 | D:9      | Found a basalt altar of Yredelemnul.
  9425 | D:9      | Found a hide-covered altar of Uskayaw.
  9427 | D:9      | Found a shattered altar of Ashenzari.
  9887 | D:9      | Slain by a troll

Skill      XL: |  1  2  3  4  5  6  7  8  9 10 |
---------------+-------------------------------+-----
Stealth        | 1 2 5 12 | 12.1
Shields        | 1 4 8 10 | 10.0
Spellcasting   | 6 |  6.1
Fighting       | |  2.5
Short Blades   | |  2.0
Throwing       | |  1.0
Dodging        | |  2.8
Translocations | |  3.0

Action                   |  1- 3 |  4- 6 |  7- 9 | 10-12 || total
-------------------------+-------+-------+-------+-------++-------
Melee: Short sword       |    71 |    87 |   154 |    81 ||   393
       Constrict         |    21 |    23 |    41 |    18 ||   103
       Tentacles         |    14 |    18 |    35 |    25 ||    92
       Whip              |       |       |     6 |     6 ||    12
 Cast: Shroud of Golubri |       |     4 |     8 |     4 ||    16
       Blink             |       |     1 |       |       ||     1
Evoke: Wand              |       |     1 |     3 |       ||     4
  Use: Scroll            |     2 |     4 |     4 |     2 ||    12
       Potion            |       |       |     4 |     1 ||     5
 Stab: Sleeping          |     9 |    11 |    16 |     7 ||    43
       Distracted        |       |       |     1 |     1 ||     2
  Eat: Chunk             |     2 |     3 |     9 |       ||    14
       Ration            |       |     1 |     1 |     4 ||     6
Armor: Skin              |     5 |     5 |     1 |     2 ||    13
Dodge: Dodged            |    32 |    34 |    99 |    47 ||   212
Block: Buckler           |     1 |    20 |    46 |    19 ||    86
